 Dungeon Crawl Stone Soup version 0.29-a0-892-g2c4c91d9db (webtiles) character file.

Game seed: 11802317171071929808

986 xian the Poker (level 8, -4/58 HPs)
             Began as a Merfolk Gladiator on July 23, 2022.
             Was an Initiate of Gozag.
             Slain by an ancient zyme (10 damage)
             ... on level 5 of the Dungeon.
             The game lasted 00:16:39 (5203 turns).

xian the Poker (Merfolk Gladiator)                  Turns: 5203, Time: 00:16:39

Health: -4/58      AC: 14    Str: 14 (16) XL:     8   Next: 18%
Magic:  13/13      EV: 13    Int:  8      God:    Gozag
Gold:   323        SH:  0    Dex: 14 (15) Spells: 12/14 levels left

rFire   + . .      SeeInvis .   v - +4 trident (protect)
rCold   . . .      Faith    .   (no shield)
rNeg    + . .      Spirit   .   b - +0 leather armour
rPois   .          Reflect  .   c - +1 helmet
rElec   .          Harm     .   (no cloak)
rCorr   .          Rampage  .   B - +0 pair of gloves
Will    .....                   C - +0 pair of boots
Stlth   +.........              (no amulet)
HPRegen 0.00/turn               l - ring of protection from fire
MPRegen 0.13/turn               e - ring of positive energy

@: brilliant, about to teleport, gold aura, under a protective aura, sick,
hasted, invisible, very quick
A: (nimble swimmer 2), mertail, screaming 1
a: Renounce Religion, Potion Petition, Call Merchant, Bribe Branch


You were on level 5 of the Dungeon.
You worshipped Gozag.
Gozag was aware of your devotion.
You visited 2 branches of the dungeon, and saw 6 of its levels.

You collected 423 gold pieces.
You paid 100 gold pieces to Gozag.

Inventory:

Hand Weapons
 v - a +4 trident of protection (weapon)
Missiles
 a - a javelin
 d - 3 throwing nets
 k - 5 boomerangs (quivered)
 t - 5 poisoned darts
Armour
 b - a +0 leather armour (worn)
 c - a +1 helmet (worn)
 s - a +0 plate armour
 B - a +0 pair of gloves (worn)
 C - a +0 pair of boots (worn)
Jewellery
 e - a ring of positive energy (right hand)
 l - a ring of protection from fire (left hand)
Wands
 n - a wand of light (7)
Scrolls
 i - 4 scrolls of poison
 j - 2 scrolls of magic mapping
 o - a scroll of teleportation
Potions
 g - 2 potions of flight
 r - 2 potions of attraction
 E - a potion of mutation


   Skills:
 + Level 3.5 Fighting
 + Level 6.9 Polearms
 + Level 4.7 Throwing
 + Level 2.0 Armour
 + Level 5.4 Dodging
 + Level 0.8 Stealth
 * Level 3.8 Spellcasting


You had 12 spell levels left.
You knew the following spells:

 Your Spells              Type           Power      Damage    Failure   Level
a - Passwall              Tmut/Erth      1%         N/A       50%         2

Your spell library contained the following spells:

 Spells                   Type           Power      Damage    Failure   Level
 Necrotise                Necr           8%         1d4       36%         1
 Ensorcelled Hibernation  Hex/Ice        4%         N/A       50%         2
 Swiftness                Air            2%         N/A       73%         3
 Vampiric Draining        Necr           2%         2d6       73%         3
 Agony                    Necr           2%         N/A       100%        5


Dungeon Overview and Level Annotations

Branches:
Dungeon (5/15)             Temple (1/1) D:5

Altars:
Ashenzari
Dithmenos
Gozag
Hepliaklqana
Vehumet
Xom

Portals:
Abyss: D:5

Annotations:
D:5 1 transporter, gdog's ghost, weakling GnDe


Innate Abilities, Weirdness & Mutations

((You are very nimble when in or above water. (Stealth+, EV+, Speed+++)))
Your lower body shifts to a powerful aquatic tail in water.
You occasionally shout uncontrollably at your foes.


Message History

You puncture the ancient zyme!
The ancient zyme is severely damaged.
You hit the ancient zyme but do no damage.
The ancient zyme is severely damaged.
Gdog's ghost is distracted by your dazzling golden aura.
You hit the ancient zyme but do no damage.
The ancient zyme is severely damaged.
You feel much better.
You feel less wooden.
Your +1 helmet unmelds from your body.
Your +0 pair of gloves unmelds from your body.
Your +0 pair of boots unmelds from your body.
Your +0 leather armour unmelds from your body.
The ancient zyme hits you. The ancient zyme barely misses you.
The crimson imp blinks!
You catch the helpless ancient zyme completely off-guard!
You hit the ancient zyme.
The ancient zyme is severely damaged.
The kobold brigand is distracted by your dazzling golden aura.
The ancient zyme barely misses you. The ancient zyme hits you!
* * * LOW HITPOINT WARNING * * *
You feel much better. The ancient zyme hits you. The ancient zyme hits you!
* * * LOW HITPOINT WARNING * * *
You barely miss the ancient zyme.
The ancient zyme is severely damaged.
The small abomination hits you.
* * * LOW HITPOINT WARNING * * *
You barely miss the ancient zyme.
The ancient zyme is severely damaged.
Gdog's ghost is no longer distracted by gold.
Gdog's ghost hits you.
* * * LOW HITPOINT WARNING * * *
The ancient zyme barely misses you. x2
Okay, then.
As you read the scroll of teleportation, it crumbles to dust.
You feel strangely unstable.
Gdog's ghost hits you but does no damage.
The ancient zyme hits you!
You die...
Your body crumbles into a pile of gold.

#....................# #
##...###....####......# #
#####...##.##..##..####...# #
#...<...#.#.##.###.°..#...# #
#.####..##...###..##.##...###
#.###....#.°.°°.°#####.......
#.##.....###5#°°##........###
#.##.#.....#xW#.#.........#
#.##.#.....#@xK##..###....#
#.........##.#.#©.##x##...#
####.....##..#.##.#...##..#
#.#...#°°..#.###...##..#
#.#..##.^#.... ##.##...#
#.#.©#...∩##5# #.#....###
#.#..#.###... #:..#....#..
#.#..###.##.####.##.......
#..(......###..###.....#..


You could see an ancient zyme (unable to see you), a kobold brigand (unable to
see you), a small abomination (unable to see you), gdog's ghost (unable to see
you) and a crimson imp (unable to see you).

Vanquished Creatures
  A small abomination (D:5)
  A gnoll sergeant (D:4)
  2 necrophages
  2 scorpions (D:5)
  3 hounds
  2 jellies
  3 iguanas
  2 orc priests
  Jessica (D:2)
  2 orc wizards (D:5)
  5 gnolls (D:4)
  4 adders
  A shadow imp (D:5)
  An ufetubus (D:5)
  A worm (D:4)
  A dart slug (D:1)
  21 orcs
  5 endoplasms
  4 giant cockroaches
  4 hobgoblins
  A quokka (D:2)
  8 ball pythons
  3 bats
  4 frilled lizards
  5 goblins
  8 kobolds
95 creatures vanquished.

Notes
Turn   | Place    | Note
-------+----------+-------------------------------------------
     0 | D:1      | xian the Merfolk Gladiator began the quest for the Orb.
     0 | D:1      | Reached XP level 1. HP: 16/16 MP: 1/1
   300 | D:1      | Reached XP level 2. HP: 22/23 MP: 2/2
   371 | D:1      | Found a faded altar of an unknown god.
   592 | D:2      | Noticed Jessica
   597 | D:2      | Killed Jessica
   598 | D:2      | Reached skill level 1 in Spellcasting
   598 | D:2      | Reached XP level 3. HP: 28/28 MP: 2/5
   872 | D:2      | You fall into a shaft and drop 2 floors!
   885 | D:4      | Reached XP level 4. HP: 7/34 MP: 5/7
  1128 | D:4      | Noticed a necrophage
  1138 | D:4      | Killed a necrophage
  1139 | D:4      | Reached skill level 5 in Polearms
  1139 | D:4      | Reached XP level 5. HP: 15/40 MP: 8/8
  1473 | D:4      | Reached skill level 1 in Armour
  1515 | D:5      | Entered Level 5 of the Dungeon
  2291 | D:3      | Reached XP level 6. HP: 46/46 MP: 9/9
  2302 | D:3      | Found a radiant altar of Vehumet.
  2367 | D:3      | Learned a level 2 spell: Passwall
  3931 | D:5      | Noticed a small abomination
  3934 | D:5      | Noticed a small abomination
  3940 | D:5      | Found a transporter.
  3986 | D:5      | Reached XP level 7. HP: 51/52 MP: 11/11
  4051 | D:5      | Found a staircase to the Ecumenical Temple.
  4112 | Temple   | Entered the Ecumenical Temple
  4165 | Temple   | Became a worshipper of Gozag Ym Sagoz the Greedy
  4239 | D:5      | Reached skill level 5 in Dodging
  4248 | D:5      | Reached skill level 6 in Polearms
  4676 | D:5      | Found a transporter.
  4973 | D:5      | Found a one-way gate to the infinite horrors of the Abyss.
  4973 | D:5      | Noticed gdog's ghost (weakling GnDe)
  4974 | D:5      | Noticed an ancient zyme
  5007 | D:5      | Reached XP level 8. HP: 52/58 MP: 13/13
  5042 | D:5      | Found a shadowy altar of Dithmenos.
  5166 | D:5      | Gained mutation: You occasionally shout uncontrollably at
                  | your foes. [potion of mutation]
  5203 | D:5      | Slain by an ancient zyme

Illustrated notes

Levels and vault maps discovered:
D:1:      lemuel_arrival_lava_pool, layout_rooms,
          hellmonk_ecumenical_altar_leap_of_faith
D:2:      layout_rooms, uniq_jessica
D:3:      layout_loops_ring, mainiacjoe_overflow_six_doors_small
D:4:      layout_basic, serial_corexii_hall, corexii_hall_statues_u,
          chequers_hall_statues_wall_a
D:5:      layout_loops_cross, nicolae_dithmenos_through_a_glass_darkly,
          minmay_temple_entry_ruins, gammafunk_ghost_abyssal_escape,
          roderic_serpentine_path
Temple:   dpeg_chambers_temple

Skill      XL: |  1  2  3  4  5  6  7  8 |
---------------+-------------------------+-----
Spellcasting   | 1 2 3 |  3.8
Polearms       | 5 6 |  6.9
Armour         | 1 2 |  2.0
Throwing       | 3 4 |  4.7
Fighting       | 3 |  3.5
Dodging        | 5 |  5.4
Stealth        | |  0.8

Action                   |  1- 3 |  4- 6 |  7- 9 || total
-------------------------+-------+-------+-------++-------
Melee: Trident           |    36 |    85 |    92 ||   213
Throw: Javelin           |     4 |     4 |       ||     8
       Boomerang         |     7 |    96 |    34 ||   137
       Throwing net      |     1 |     1 |       ||     2
       Dart              |       |    12 |       ||    12
  Use: Scroll            |     1 |     8 |     7 ||    16
       Potion            |       |     2 |    10 ||    12
 Stab: Invisible         |       |       |     2 ||     2
Armor: Leather armour    |     2 |    28 |    26 ||    56
       Skin              |       |       |    50 ||    50
Dodge: Dodged            |    22 |    90 |    51 ||   163

Table legend: (Time is in decaauts)
 A = Elapsed time spent in this place.
 B = Non-inter-level travel time spent in this place.
 C = Inter-level travel time spent in this place.
 D = Time resting spent in this place.
 E = Time spent auto-exploring this place.
 F = Levels seen in this place.
 G = Mean time per level.
                   A        B        C        D        E       F      G
               +--------+--------+--------+--------+--------+-----+--------+
         Total |   5218 |   5048 |    170 |      0 |   3984 |   6 |  869.7 |
       Dungeon |   5117 |   4993 |    124 |      0 |   3940 |   5 | 1023.4 |
        Temple |    100 |     54 |     46 |      0 |     44 |   1 |  100.0 |
               +--------+--------+--------+--------+--------+-----+--------+

Top non-repeatable levels by time:
     D:4: 1905 daAuts
     D:5: 1381 daAuts
     D:3: 750 daAuts
     D:1: 594 daAuts
     D:2: 486 daAuts
  Temple: 100 daAuts
